AoeStats
← Jarothi

Black Forest

509799107Analyzed
4v4 RM · 5d ago on Sep 28, 2026· 69m 15s· 8 players
Game mode
Random Map
Map size
Large (8 player)
Population
200
Speed
Normal
Resources
Standard
Victory
Conquest
Starting age
Dark Age
Ending age
Imperial Age
RankedLock teamsTeams togetherTeam positionsShared explorationLock speedFull tech treeHidden civsTurbo modeCheats
Victory
Defeat
🇨🇴 Goths · Colombia
1046
+16
🇨🇴 Koreans · Colombia
1038
+16
🇨🇴 Mongols · Colombia
1006
+18
🇨🇴 Danes · Colombia
1006
+18
🇧🇷 Varangians · Brazil
1087
-18
🇨🇱 Sicilians · Chile
1076
-18
🇨🇦 Lithuanians · Canada
1061
-18
🇲🇽 Portuguese · Mexico
964
-14
Jert
11:31 Feudal Age
13:08 Loom
16:33 Castle Age
18:27 Double-Bit Axe
18:28 Horse Collar
23:40 Bow Saw
23:39 Heavy Plow
24:42 Fletching
26:48 Bodkin Arrow
27:16 Ballistics
28:42 Wheelbarrow
28:49 Gold Mining
28:48 Town Watch
29:49 Bloodlines
29:40 Husbandry
33:56 Imperial Age
33:13 Hand Cart
33:16 Thumb Ring
33:16 Padded Archer Armor
34:53 Bracer
34:22 Elite Mangudai
36:56 Conscription
38:40 Town Patrol
40:50 Chemistry
40:07 Leather Archer Armor
40:25 Parthian Tactics
40:52 Scale Barding Armor
40:58 Forging
40:51 Light Cavalry
42:31 Siege Engineers
42:38 Masonry
43:07 Gold Shaft Mining
42:22 Stone Mining
44:01 Chain Barding Armor
44:16 Iron Casting
43:05 Hussar
47:37 Blast Furnace
54:07 Heavy Camel Rider
55:49 Scale Mail Armor
Slayer
0:26 Loom
11:42 Feudal Age
16:55 Castle Age
16:11 Man-at-Arms
16:44 Gold Mining
16:40 Double-Bit Axe
17:14 Long Swordsman
17:54 Squires
19:03 Forging
18:54 Scale Mail Armor
21:54 Fishing Lines
22:05 Horse Collar
23:11 Wheelbarrow
22:28 Town Watch
25:53 Chain Mail Armor
25:45 Pikeman
29:06 Iron Casting
31:20 Imperial Age
29:37 Bow Saw
34:36 Blast Furnace
35:24 Halberdier
35:52 Two-Handed Swordsman
36:51 Capped Ram
37:57 Hand Cart
40:03 Perfusion
40:35 Champion
41:41 Conscription
46:05 Anarchy
47:03 Murder Holes
47:29 Ballistics
53:25 Fletching
Jarothi
0:28 Loom
17:13 Feudal Age
22:32 Horse Collar
22:39 Double-Bit Axe
22:41 Town Watch
24:59 Castle Age
22:45 Town Watch
28:59 Wheelbarrow
28:52 Bow Saw
30:25 Scale Mail Armor
30:27 Squires
31:47 Forging
35:32 Arson
35:48 Squires
36:04 Chain Mail Armor
44:54 Imperial Age
44:32 Fishing Lines
49:17 Redemption
49:23 Gillnets
51:53 Conscription
51:00 Hamask
52:11 Elite Jomsviking
55:36 Pikeman
56:02 Halberdier
57:36 Plate Mail Armor
57:42 Iron Casting
57:50 Iron Casting
58:15 Illumination
59:52 Hand Cart
62:33 Blast Furnace
RTMatutino
0:41 Loom
17:31 Feudal Age
18:51 Wheelbarrow
18:38 Fishing Lines
29:23 Town Watch
32:19 Fletching
36:41 Castle Age
38:09 Squires
39:41 Double-Bit Axe
41:27 Arson
41:38 Bodkin Arrow
41:55 Forging
41:46 Scale Mail Armor
43:26 Masonry
44:20 Hand Cart
44:51 Iron Casting
45:14 Treadmill Crane
46:02 Chain Mail Armor
46:51 Gold Mining
46:52 Stone Mining
46:46 Horse Collar
46:59 Gillnets
48:10 Gold Shaft Mining
49:04 Stone Shaft Mining
48:48 Bow Saw
52:02 Imperial Age
58:42 Two-Man Saw
64:55 Murder Holes
64:50 Arrowslits
65:01 Murder Holes
65:29 Ballistics
66:57 Plate Mail Armor
67:48 Elite Fire Lancer
wangweiliang0591
0:46 Loom
15:58 Feudal Age
20:10 Castle Age
18:19 Double-Bit Axe
18:53 Horse Collar
20:54 Gold Mining
21:45 Wheelbarrow
22:15 Bow Saw
22:39 Forging
23:06 Scale Barding Armor
24:40 Chain Barding Armor
26:06 Iron Casting
27:24 Bloodlines
32:57 Husbandry
34:21 Stone Mining
37:15 Hand Cart
40:01 Imperial Age
39:26 Light Cavalry
41:08 Heavy Plow
42:26 Plate Barding Armor
41:42 Town Watch
42:40 Crop Rotation
42:15 Elite Leitis
43:49 Conscription
43:27 Winged Hussar
46:41 Chemistry
46:02 Ballistics
erick_carrington
0:27 Loom
18:08 Feudal Age
19:20 Man-at-Arms
25:21 Castle Age
24:38 Town Watch
24:51 Fletching
27:56 Double-Bit Axe
30:28 Gold Mining
33:50 Imperial Age
33:45 Bow Saw
35:53 Fervor
36:07 Scale Barding Armor
36:04 Horse Collar
41:29 Town Patrol
42:05 Wheelbarrow
42:05 Sanctity
43:23 Chemistry
50:36 Bodkin Arrow
51:59 Hand Cart
58:58 Bloodlines
58:50 Husbandry
58:11 Cavalier
59:06 Forging
Tebano
2:04 Loom
16:34 Feudal Age
18:07 Fishing Lines
22:16 Bloodlines
24:14 Castle Age
25:56 Gillnets
27:41 Husbandry
27:52 Forging
27:48 Scale Barding Armor
31:19 Iron Casting
36:03 Chain Barding Armor
43:14 Vendel Legacy
44:21 Fletching
48:37 Double-Bit Axe
49:40 Bodkin Arrow
56:48 Horse Collar
59:26 Heavy Plow
tetas de abuela
0:38 Loom
12:50 Feudal Age
19:25 Wheelbarrow
18:39 Double-Bit Axe
22:34 Fletching
24:11 Scale Mail Armor
26:51 Forging
30:43 Castle Age
29:35 Horse Collar
31:51 Chain Mail Armor
34:03 Pikeman
34:49 Bodkin Arrow
37:43 Masonry
38:23 Murder Holes
44:08 Imperial Age
42:53 Iron Casting
42:05 Town Watch
43:36 Squires
43:21 Gambesons
43:22 Arson
44:20 Hand Cart
44:09 Heavy Plow
44:51 Capped Ram
46:14 Plate Mail Armor
47:35 Ballistics
47:41 Bracer
47:40 Siege Ram
48:55 Padded Archer Armor
49:33 First Crusade
51:29 Blast Furnace
50:09 Elite Skirmisher
50:55 Elite Serjeant
52:54 Halberdier
55:24 Chemistry
55:44 Crossbowman
57:18 Hauberk
59:01 Leather Archer Armor
58:50 Husbandry
Connection lost

Rejoining the realm…

Still unreachable

The connection could not be restored.

Session expired

The server has moved on; the page needs a fresh start.